 Dungeon Crawl Stone Soup version 0.28.0-1-gb440e238dd (webtiles) character file.

Game seed: 7205281550408101460

844 Morbidden the Covered (level 7, -2/55 HPs)
             Began as a Demonspawn Fighter on Feb 22, 2022.
             Slain by an ice beast (12 damage)
             ... on level 5 of the Dungeon.
             The game lasted 00:05:48 (2869 turns).

Morbidden the Covered (Demonspawn Fighter)          Turns: 2869, Time: 00:05:49

Health: -2/55      AC:  7    Str: 18    XL:     7   Next: 68%
Magic:  7/7        EV: 10    Int: 10    God:
Gold:   156        SH:  0    Dex: 12    Spells: 6/6 levels left

rFire   . . .      SeeInvis .     - Unarmed
rCold   . . .      Faith    .   (no shield)
rNeg    . . .      Spirit   .   b - +0 scale mail
rPois   +          Reflect  .   (helmet restricted)
rElec   .          Harm     .   (no cloak)
rCorr   .          Rampage  .   (no gloves)
Will    .....                   (no boots)
Stlth   ..........              g - amulet of regeneration
HPRegen 0.98/turn               p - ring of poison resistance
MPRegen 0.10/turn               (no ring)

@: no status effects
A: claws 1, hooves 1, horns 1, spiny 1
a: no special abilities


You were on level 5 of the Dungeon.
You visited 1 branch of the dungeon, and saw 5 of its levels.
You also visited: Sewer and Ossuary.

You collected 156 gold pieces.

Inventory:

Armour
 b - a +0 scale mail (worn)
Jewellery
 g - an amulet of regeneration (around neck)
 p - a ring of poison resistance (left claw)
Wands
 r - a wand of iceblast (6)
Scrolls
 a - a scroll of noise {unknown}
 e - a scroll of acquirement {unknown}
 i - a scroll of amnesia {unknown}
 n - a scroll of blinking {unknown}
 o - a scroll of silence {unknown}
 q - a scroll of summoning {unknown}
 u - 3 scrolls of identify {unknown}
 v - a scroll of teleportation {unknown}
 w - a scroll of fog {unknown}
 x - a scroll of vulnerability {unknown}
Potions
 c - 2 potions of curing {unknown}
 d - a potion of might
 f - 3 potions of haste {unknown}
 h - 5 potions of lignification {unknown}
 j - 4 potions of invisibility {unknown}
 k - a potion of heal wounds {unknown}
 l - 2 potions of mutation {unknown}
 m - 3 potions of magic {unknown}
 s - a potion of cancellation {unknown}
 t - a potion of degeneration {unknown}


   Skills:
 * Level 4.4 Fighting
 + Level 2.8 Long Blades
 + Level 4.8 Armour
 * Level 2.2 Dodging
 + Level 0.6 Stealth
 + Level 3.1 Shields
 * Level 4.4 Unarmed Combat


You had 6 spell levels left.
You didn't know any spells.
Your spell library was empty.

Dungeon Overview and Level Annotations

Branches:
Dungeon (6/15)              Sewer (visited)         Ossuary (visited)
 Temple: D:4-7

Altars:
Makhleb

Shops:
D:2 =   D:3 (


Innate Abilities, Weirdness & Mutations

You have sharp fingernails.
You have large cloven feet.
You have a pair of small horns on your head.
You are partially covered in sharp spines.


Message History

Prince Ribbit is moderately wounded.
The ice beast barely misses you. Prince Ribbit is struck by your spines.
Prince Ribbit hits you but does no damage.
You claw Prince Ribbit!
Prince Ribbit is heavily wounded.
Prince Ribbit closely misses you. The ice beast hits you.
The ice beast freezes you!
You barely miss Prince Ribbit. Your kick misses Prince Ribbit.
Prince Ribbit is heavily wounded.
Prince Ribbit blinks!
The ice beast hits you but does no damage.
You scratch the ice beast.
You headbutt the ice beast, but do no damage.
Your claw misses the ice beast.
The ice beast is lightly wounded.
The ice beast misses you.
You scratch the ice beast. Your headbutt misses the ice beast.
The ice beast is moderately wounded.
The ice beast closely misses you.
You scratch Prince Ribbit.
Prince Ribbit is severely wounded.
Prince Ribbit is struck by your spines. Prince Ribbit hits you.
The ice beast hits you. The ice beast freezes you!
* * * LOW HITPOINT WARNING * * *
You are too injured to fight recklessly!
You are too injured to fight recklessly!
You are too injured to fight recklessly!
Unknown command.
Okay, then.
Okay, then.
Aiming: Iceblast
Press: ? - help, Shift-Dir - straight line The mass of ice explodes!
The iceblast engulfs Prince Ribbit!
You kill Prince Ribbit!
Prince Ribbit returns to his original shape as he dies.
You hear an angry hiss.
The ice beast hits you.
* * * LOW HITPOINT WARNING * * *
The ice beast freezes you!
You die...

.# .... #############.##
### #.....##.......# #..
#.....##.......###.#
#.....##.........#.#
..#....†##.......#.#.###
......Y@................
###.....##.......#.#.###
#.....##...8...#.#.#
#.....##...........#
#########8...8.#####
#......# #..8..##
#######


You could see an ice beast.

Vanquished Creatures
  Prince Ribbit (D:5)
  A wraith (Ossuary)
  A centaur (D:5)
  A kobold brigand (Sewer)
  3 scorpions
  A hound (D:5)
  A mummy (Ossuary)
  6 gnolls
  9 adders
  8 river rats
  4 worms (D:3)
  2 dart slugs (D:1)
  12 ball pythons
  7 bats
  4 endoplasms
  2 giant cockroaches
  5 goblins
  A hobgoblin (D:1)
  4 jackals (D:1)
  3 quokkas
  4 frilled lizards (D:1)
  3 gnoll skeletons (Ossuary)
  18 kobolds
  12 kobold skeletons (Ossuary)
  10 orc skeletons (Ossuary)
  20 rats
143 creatures vanquished.

Notes
Turn   | Place    | Note
-------+----------+-------------------------------------------
     0 | D:1      | Morbidden the Demonspawn Fighter began the quest for the
                  | Orb.
     0 | D:1      | Reached XP level 1. HP: 18/18 MP: 1/1
   167 | D:1      | Gained mutation: You are partially covered in sharp spines.
                  | [demonic ancestry]
   167 | D:1      | Reached XP level 2. HP: 19/24 MP: 2/2
   359 | D:1      | Discovered your monstrous ancestry.
   359 | D:1      | Gained mutation: You have sharp fingernails. [demonic
                  | ancestry]
   359 | D:1      | Reached XP level 3. HP: 29/29 MP: 3/3
   761 | D:2      | Found a faded altar of an unknown god.
   843 | D:2      | Reached XP level 4. HP: 9/35 MP: 4/4
   973 | D:2      | Found Ipeanwen's Jewellery Shoppe.
  1282 | D:3      | Found Juoth's Antique Weapon Boutique.
  1422 | D:3      | Gained mutation: You have a pair of small horns on your
                  | head. [demonic ancestry]
  1422 | D:3      | Reached XP level 5. HP: 42/42 MP: 5/5
  1566 | D:3      | Found a glowing drain.
  1574 | Sewer    | Entered a sewer
  1613 | Sewer    | Reached skill level 1 in Unarmed Combat
  1741 | Sewer    | Reached skill level 1 in Dodging
  1816 | Sewer    | Gained mutation: You have large cloven feet. [demonic
                  | ancestry]
  1816 | Sewer    | Reached XP level 6. HP: 48/48 MP: 6/6
  2303 | D:3      | Found a burning altar of Makhleb.
  2308 | D:3      | You fall into a shaft and drop 3 floors!
  2332 | D:5      | Entered Level 5 of the Dungeon
  2613 | D:5      | Reached XP level 7. HP: 32/54 MP: 7/7
  2621 | D:5      | Found a sand-covered staircase.
  2642 | Ossuary  | Entered an ossuary
  2642 | Ossuary  | Noticed a wraith
  2642 | Ossuary  | Noticed a wraith
  2642 | Ossuary  | Noticed a wraith
  2713 | Ossuary  | Noticed a wraith
  2734 | Ossuary  | Killed a wraith
  2859 | D:5      | Noticed Prince Ribbit
  2869 | D:5      | Killed Prince Ribbit
  2869 | D:5      | Slain by an ice beast

Illustrated notes

Levels and vault maps discovered:
D:1:      evilmike_arrival_fibonacci_small, layout_basic,
          kennysheep_small_spiral
D:2:      layout_rooms, serial_shops, shop_fountains,
          chequers_ecumenical_altar_simple_redux
D:3:      minmay_door_path, layout_basic, mainiacjoe_overflow_chevrons,
          chequers_temple_overflow_statue_of_worship, jmf_multi_god_temple2,
          gup_sewer_entry_bubbles, serial_shops, nicolae_shop_stone
D:5:      layout_basic, nicolae_ossuary_entry_monument, uniq_prince_ribbit1,
          uniq_grinder
D:6:      layout_basic

Skill      XL: |  1  2  3  4  5  6  7 |
---------------+----------------------+-----
Shields        | 3 |  3.1
Long Blades    | 2 |  2.8
Armour         | 3 4 |  4.8
Unarmed Combat | 2 3 4 |  4.4
Dodging        | 1 2 |  2.2
Fighting       | 4 |  4.4
Stealth        | |  0.6

Action                   |  1- 3 |  4- 6 |  7- 9 || total
-------------------------+-------+-------+-------++-------
Melee: Long sword        |    33 |       |       ||    33
       Unarmed           |    41 |   166 |    65 ||   272
       Punch             |       |     2 |     3 ||     5
       Headbutt          |       |    20 |    13 ||    33
       Kick              |       |    14 |    12 ||    26
Evoke: Wand              |       |       |     1 ||     1
Armor: Scale mail        |    32 |    77 |    21 ||   130
Dodge: Dodged            |    34 |    82 |    23 ||   139
Block: Buckler           |    11 |       |       ||    11
